 Dungeon Crawl Stone Soup version 0.18.1-48-g4cf74bf (console) character file.

5663 Kloppie the Basher (level 10, -10/95 HPs)
             Began as a Minotaur Gladiator on July 1, 2016.
             Was an Initiate of Gozag.
             Mangled by Sonja
             ... wielding a +0 short sword of distortion
              (12 damage)
             ... on level 1 of the Lair of Beasts.
             The game lasted 00:12:38 (7902 turns).

Kloppie the Basher (Minotaur Gladiator)             Turns: 7902, Time: 00:12:39

Health: -10/95     AC: 19    Str: 20    XL:     10   Next: 47%
Magic:  9/9        EV:  8    Int:  5    God:    Gozag
Gold:   783        SH:  0    Dex: 14    Spells: 0 memorised, 9 levels left

rFire  + . .     SeeInvis +     a - +1 flail
rCold  . . .     Gourm    .     o - +0 plate armour
rNeg   . . .     Faith    .     (no shield)
rPois  .         Spirit   .     c - +1 hat
rElec  .         Dismiss  .     (no cloak)
rCorr  .         Reflect  .     u - +0 pair of gloves
SustAt .         Harm     .     Q - +0 pair of boots
MR     .....     Clarity  +     (no amulet)
Stlth  ..........               M - ring of see invisible
                                d - ring of protection from fire

@: lethally poisoned (-10 -> -19), about to teleport, gold aura, slowed, very
slow, not resistant to hostile enchantments, extremely unstealthy
A: retaliatory headbutt, horns 2, icy blue scales 1, clarity
a: Potion Petition, Call Merchant, Bribe Branch, Renounce Religion


You were on level 1 of the Lair of Beasts.
You worshipped Gozag.
Gozag was noncommittal.
You were not hungry.

You visited 3 branches of the dungeon, and saw 10 of its levels.
You also visited: Sewer.

You collected 918 gold pieces.
You paid 135 gold pieces to Gozag.

Inventory:

Hand Weapons
 a - a +1 flail (weapon)
Armour
 c - a +1 hat (worn)
 o - a +0 plate armour (worn)
 u - a +0 pair of gloves (worn)
 Q - a +0 pair of boots (worn)
Jewellery
 d - a ring of protection from fire (left hand)
 M - a ring of see invisible (right hand)
Wands
 q - a wand of paralysis (8/24)
 y - a wand of acid (4/15)
 A - a wand of paralysis (12/24)
 C - a wand of disintegration (16/24)
Scrolls
 e - a scroll of brand weapon {unknown}
 g - 9 scrolls of teleportation
 i - 6 scrolls of remove curse
 k - a scroll of magic mapping
 x - a scroll of blinking
 N - a scroll of fog
Potions
 b - 7 potions of curing
 j - a potion of magic
 m - 6 potions of flight
 s - a potion of cure mutation
 E - a potion of heal wounds {unknown}
 F - 3 potions of haste {unknown}
 G - a potion of might {unknown}
 J - a potion of invisibility {unknown}
 K - 3 potions of lignification {unknown}
 R - a potion of degeneration {unknown}
Comestibles
 f - 10 bread rations
 t - 3 meat rations
 v - 3 fruits
 B - 2 slices of pizza
 P - 2 beef jerkies


   Skills:
 + Level 11.0 Fighting
 + Level 11.1 Maces & Flails
 - Level 2.0 Throwing
 + Level 10.8 Armour
 - Level 3.2 Dodging


You had 9 spell levels left.
You didn't know any spells.

Dungeon Overview and Level Annotations

Branches:
Dungeon (8/15)             Temple (1/1) D:7            Lair (1/8) D:8

Altars:
Ashenzari
Cheibriados
Dithmenos
Elyvilon
Fedhas
Gozag
Kikubaaqudgha
Makhleb
Nemelex Xobeh
Okawaru
Pakellas
Qazlal
Ru
Sif Muna
Trog
Vehumet
Xom
Yredelemnul
Zin
The Shining One

Annotations:
D:3 1 exclusion
Lair:1 Sonja


Innate Abilities, Weirdness & Mutations

You reflexively headbutt those who attack you in melee.
You have a pair of horns on your head.
You are partially covered in icy blue scales (AC +1).
You possess an exceptional clarity of mind.


Message History

Sonja shouts, "Hah!
Missed me again!"
Sonja shoots a curare-tipped needle.
The curare-tipped needle barely misses you.
Sonja shoots a curare-tipped needle.
The curare-tipped needle barely misses you.
You feel sick.
Sonja unwields an uncursed blowgun.
Sonja wields an uncursed short sword of distortion.
Its appearance distorts for a moment.
Sonja hits you but does no damage. Space warps horribly around you!
* * * LOW HITPOINT WARNING * * *
Sonja hits you but does no damage. Space bends around you.
* * * LOW HITPOINT WARNING * * *
Sonja hits you but does no damage.
You feel strangely unstable.
Sonja hits you with an uncursed short sword of distortion.
* * * LOW HITPOINT WARNING * * *
Space warps horribly around you!
* * * LOW HITPOINT WARNING * * *
Sonja hits you but does no damage. Space warps horribly around you!
You die...
Your body crumbles into a pile of gold.

......#........##########P....##
...#.......#...# ##.....#
...#...##.##...# ##....##
...#...........# #.....#
###............# ##....#
...............# ##[...#
...............# ###P....#
.......<.......########.#.....#
...######....(.K@.($(.(..(....#
..## #P.........###P#######.#
...# #.....(....##### #P.# ..##
##.........P# ##.# ..#
#.........## ##.# ..#
#..#..##..# #..# ..# #..#....#.#
##.# ..# ### #.......#.# #####
###.#
..###.###.......#.###.#.###P#.#


You could see Sonja.

Vanquished Creatures
  Pikel (D:7)
  A black mamba (Lair:1)
  Grinder (D:4)
  A spriggan (D:7)
  A wyvern (D:7)
  8 yaks (Lair:1)
  3 water moccasins
  A necrophage (D:8)
  An ice beast (D:8)
  3 ogres
  2 sky beasts
  2 centaurs
  A crocodile (Lair:1)
  Blork the orc (D:6)
  5 big kobolds
  3 giant frogs
  2 scorpions
  5 killer bees (D:7)
  3 crimson imps
  5 hounds
  A centaur zombie (D:6)
  3 orc priests
  3 jellies
  4 orc wizards
  Terence (D:2)
  Natasha (thrice) (D:3)
  2 iguanas
  5 worker ants
  A killer bee zombie (D:6)
  A hound zombie (D:8)
  A hound skeleton (D:4)
  8 adders
  A river rat (Sewer)
  4 oozes
  An adder skeleton (D:8)
  3 worms
  10 dart slugs
  8 giant geckos
  19 orcs
  5 ball pythons
  11 giant cockroaches
  3 goblins
  A hobgoblin (D:3)
  3 jackals (D:5)
  3 quokkas
  6 bats
  2 giant gecko skeletons
  4 giant newts
  15 kobolds
  14 rats
196 creatures vanquished.

Notes
Turn   | Place    | Note
--------------------------------------------------------------
     0 | D:1      | Kloppie the Minotaur Gladiator began the quest for the Orb.
     0 | D:1      | Reached XP level 1. HP: 18/18 MP: 0/0
   153 | D:1      | Reached skill level 1 in Armour
   153 | D:1      | Reached XP level 2. HP: 11/25 MP: 1/1
   509 | D:1      | Reached XP level 3. HP: 30/31 MP: 2/2
  1345 | D:2      | Found a deep blue altar of Sif Muna.
  1382 | D:2      | Noticed Terence
  1397 | D:2      | Killed Terence
  1397 | D:2      | Reached XP level 4. HP: 23/40 MP: 3/3
  2096 | D:3      | Noticed a giant frog
  2099 | D:3      | Killed a giant frog
  2099 | D:3      | Reached skill level 5 in Maces & Flails
  2099 | D:3      | Reached XP level 5. HP: 39/46 MP: 4/4
  2110 | D:3      | Found a faded altar to an unknown god.
  2174 | D:3      | Found a glowing golden altar of the Shining One.
  2197 | D:3      | Noticed Natasha
  2203 | D:3      | Killed Natasha
  2446 | D:3      | Noticed Natasha
  2460 | D:3      | Killed Natasha
  2540 | D:3      | Noticed Natasha
  2547 | D:3      | Killed Natasha
  2547 | D:3      | Reached XP level 6. HP: 53/55 MP: 5/5
  2574 | D:4      | Reached skill level 5 in Fighting
  2608 | D:4      | Noticed Grinder
  2622 | D:4      | Killed Grinder
  2624 | D:4      | Reached skill level 5 in Armour
  2638 | D:4      | Reached XP level 7. HP: 58/62 MP: 6/6
  2724 | D:4      | Found a white marble altar of Elyvilon.
  3013 | D:5      | Entered Level 5 of the Dungeon
  3339 | D:5      | Found a glowing drain.
  3358 | Sewer    | Entered a sewer
  3547 | Sewer    | Reached XP level 8. HP: 62/71 MP: 7/7
  4269 | D:6      | Noticed Blork the orc
  4286 | D:6      | Killed Blork the orc
  5162 | D:7      | Found a staircase to the Ecumenical Temple.
  5177 | Temple   | Entered the Ecumenical Temple
  5281 | Temple   | Became a worshipper of Gozag Ym Sagoz the Greedy
  5440 | D:7      | Reached XP level 9. HP: 44/82 MP: 8/8
  5579 | D:7      | Found a sacrificial altar of Ru.
  5887 | D:7      | Noticed Pikel
  5898 | D:7      | Killed Pikel
  6305 | D:8      | Found a sacrificial altar of Ru.
  6380 | D:8      | Reached skill level 10 in Maces & Flails
  6615 | D:8      | Reached skill level 10 in Fighting
  6685 | D:8      | Gained mutation: You possess an exceptional clarity of mind. [potion of mutation]
  6685 | D:8      | Gained mutation: You are partially covered in slimy green scales (AC +2). [potion of mutation]
  6685 | D:8      | Lost mutation: You are partially covered in slimy green scales (AC +2). [potion of mutation]
  6686 | D:8      | Gained mutation: You are partially covered in icy blue scales (AC +1). [potion of beneficial mutation]
  6805 | D:8      | Found a staircase to the Lair.
  7235 | Lair:1   | Entered Level 1 of the Lair of Beasts
  7267 | Lair:1   | Reached skill level 10 in Armour
  7267 | Lair:1   | Reached XP level 10. HP: 78/93 MP: 9/9
  7460 | Lair:1   | Noticed a black mamba
  7471 | Lair:1   | Killed a black mamba
  7799 | Lair:1   | Noticed Sonja
  7902 | Lair:1   | HP: 2/95 [Sonja/uncursed short sword of distortion (9)]
  7902 | Lair:1   | Mangled by Sonja

Skill      XL: |  1  2  3  4  5  6  7  8  9 10 |
---------------+-------------------------------+-----
Armour         | 1 2 3 4 5 6 7 10 | 10.8
Fighting       | 3 4 5 6 8 10 11 | 11.0
Maces & Flails | 4 5 6 7 8 10 11 | 11.1
Throwing       | |  2.0
Dodging        | |  3.2

Action                   |  1- 3 |  4- 6 |  7- 9 | 10-12 || total
-------------------------+-------+-------+-------+-------++-------
Melee: Flail             |    84 |    91 |   434 |    74 ||   683
       Headbutt          |    18 |    28 |    81 |    23 ||   150
Throw: Throwing net      |     5 |       |     1 |     5 ||    11
Evoke: Wand              |       |     1 |     2 |       ||     3
  Use: Scroll            |       |       |    21 |     1 ||    22
       Potion            |       |       |     2 |     2 ||     4
 Stab: Held in net/web   |     2 |       |     1 |       ||     3
       Paralysed         |       |     9 |     6 |       ||    15
       Distracted        |       |       |       |     2 ||     2
  Eat: Chunk             |     1 |     5 |     9 |       ||    15
       Meat ration       |       |       |     2 |       ||     2
Armor: Ring mail         |    36 |       |       |       ||    36
       Plate armour      |       |    60 |   282 |    40 ||   382
Dodge: Dodged            |    58 |    31 |   153 |    30 ||   272
